 Dungeon Crawl Stone Soup version 0.18-a0-1784-ga939a68 (webtiles) character file.

195 barb4r1an the Covered (level 5, -8/47 HPs)
             Began as a Minotaur Fighter on Apr 18, 2016.
             Was an Initiate of Okawaru.
             Killed from afar by an orc wizard (9 damage)
             ... with a puff of flame
             ... on level 3 of the Dungeon.
             The game lasted 00:03:15 (1788 turns).

barb4r1an the Covered (Minotaur Fighter)            Turns: 1788, Time: 00:03:15

Health: -8/47      AC:  7    Str: 21    XL:     5   Next: 45%
Magic:  5/5        EV:  8    Int:  5    God:    Okawaru [......]
Gold:   149        SH:  9    Dex: 10    Spells: 0 memorised, 4 levels left

rFire  . . .     SeeInvis .     a - +0 flail
rCold  . . .     Gourm    .     b - +0 scale mail
rNeg   . . .     Faith    .     c - +0 shield
rPois  .         Spirit   .     (helmet restricted)
rElec  .         Dismiss  .     (no cloak)
rCorr  .         Reflect  .     (no gloves)
SustAt +         Harm     .     (no boots)
MR     .....                    (no amulet)
Stlth  ..........               (no ring)
                                o - ring of sustain attributes

@: not resistant to hostile enchantments, extremely unstealthy
A: retaliatory headbutt, horns 2
a: Renounce Religion


You were on level 3 of the Dungeon.
You worshipped Okawaru.
Okawaru was noncommittal.
You were very hungry.

You visited 1 branch of the dungeon, and saw 4 of its levels.

You collected 149 gold pieces.

Inventory:

Hand Weapons
 a - a +0 flail (weapon)
Armour
 b - a +0 scale mail (worn)
 c - a +0 shield (worn)
Jewellery
 o - a ring of sustain attributes (left hand)
Wands
 v - a wand of slowing (15/48)
Scrolls
 e - 6 scrolls of identify {unknown}
 g - 5 scrolls of remove curse {unknown}
 i - 2 scrolls of magic mapping {unknown}
 k - a scroll of enchant weapon {unknown}
 l - a scroll of immolation {unknown}
 p - a scroll of amnesia {unknown}
 s - 2 scrolls of random uselessness {unknown}
Potions
 d - a potion of might
 j - 2 potions of heal wounds {unknown}
 m - 3 potions of degeneration {unknown}
 r - 2 potions of brilliance {unknown}
 t - a potion of agility {unknown}
 u - a potion of mutation {unknown}
Books
 q - Sif Muna's Collected Works on Moulding
   (You found it on level 2 of the Dungeon)

   Spells                             Type                      Level
   a - Beastly Appendage              Transmutation                1
Comestibles
 f - 4 bread rations
 h - a meat ration
 n - 2 beef jerkies


   Skills:
 + Level 4.6 Fighting
 + Level 3.6 Maces & Flails
 + Level 4.7 Armour
 + Level 2.0 Dodging
 + Level 4.3 Shields
 + Level 1.4 Invocations


You had 4 spell levels left.
You didn't know any spells.

Dungeon Overview and Level Annotations

Branches:
Dungeon (4/15)
 Temple: D:4-7

Altars:
Ashenzari
Kikubaaqudgha
Okawaru
Ru
Sif Muna
Trog
Vehumet
The Shining One


Innate Abilities, Weirdness & Mutations

You reflexively headbutt those who attack you in melee.
You have a pair of horns on your head.


Message History

You closely miss something. You block something's attack.
Something hits you but does no damage.
You miss something. You block something's attack.
You barely miss something. Your headbutt misses something.
You hear some strange, mumbled words.
A puff of flame appears from out of thin air!
The puff of flame hits you!
* * * LOW HITPOINT WARNING * * *
You miss something. Something hits you but does no damage.
You miss something.
You hear some strange, mumbled words.
Something tries to affect you, but you resist.
Something hits you.
* * * LOW HITPOINT WARNING * * *
You closely miss something.
You are feeling very hungry.
You hear some strange, mumbled words.
A puff of flame appears from out of thin air!
The puff of flame hits you!
You die...

....)###....###.#####
..#....#...#....#
..###..#........# ###
##.#.+##.#..# ..#
#.......#..# ..#
#####..##..#######
..# ##...........#
### ####){#####.#
#########.>@...#.#
#.......#.####.#.#
#.........# #.#.#
#.........####.#.#
#####'##.......#.#
#........######.#
#.##.####.# #.#
#.##......# #.#
#.#######.# #<#


There were no monsters in sight!

Vanquished Creatures
  An orc priest (D:3)
  Jessica (D:3)
  Ijyb (D:3)
  Terence (D:2)
  3 adders (D:3)
  An ooze (D:3)
  2 dart slugs
  A giant gecko (D:1)
  An orc (D:4)
  4 giant cockroaches
  6 goblins
  7 hobgoblins
  4 jackals (D:3)
  5 kobolds
  A quokka (D:3)
  6 bats
  6 giant newts
  3 rats
54 creatures vanquished.

Notes
Turn   | Place    | Note
--------------------------------------------------------------
     0 | D:1      | barb4r1an the Minotaur Fighter began the quest for the Orb.
     0 | D:1      | Reached XP level 1. HP: 19/19 MP: 0/0
   124 | D:1      | Reached XP level 2. HP: 27/27 MP: 1/1
   727 | D:2      | Found an ancient bone altar of Kikubaaqudgha.
   757 | D:2      | Found a glowing golden altar of the Shining One.
   760 | D:2      | Found a bloodstained altar of Trog.
   763 | D:2      | Found an iron altar of Okawaru.
   767 | D:2      | Became a worshipper of Warmaster Okawaru
   806 | D:2      | Reached XP level 3. HP: 26/33 MP: 2/2
   973 | D:2      | Found a radiant altar of Vehumet.
   975 | D:2      | Noticed Terence
   982 | D:2      | Killed Terence
   982 | D:2      | Reached skill level 1 in Dodging
  1030 | D:2      | Found a deep blue altar of Sif Muna.
  1034 | D:2      | Identified Sif Muna's Collected Works on Moulding
  1093 | D:2      | Found a sacrificial altar of Ru.
  1217 | D:3      | Noticed Ijyb
  1226 | D:3      | Killed Ijyb
  1226 | D:3      | Reached XP level 4. HP: 39/40 MP: 3/3
  1312 | D:3      | Reached skill level 1 in Invocations
  1415 | D:3      | Found a shattered altar of Ashenzari.
  1465 | D:3      | Reached XP level 5. HP: 46/47 MP: 4/4
  1532 | D:3      | Noticed Jessica
  1537 | D:3      | Killed Jessica
  1787 | D:3      | HP: 1/47 [something (3)]
  1788 | D:3      | Killed from afar by an orc wizard

Vault maps used:
D:1:      roderic_crossed_star, serial_forest, infiniplex_forest_lined_3,
          infiniplex_forest_clump_diagonal, infiniplex_forest_straight_3,
          infiniplex_forest_clump_diagonal, infiniplex_forest_lined_1,
          infiniplex_forest_clump_curved, infiniplex_forest_lined_room_3
D:2:      grunt_temple_overflow_magic_moments, nicolae_overflow_crystal_walls,
          grunt_temple_overflow_diamond, first_bread, hex_medium, uniq_terence
D:3:      evilmike_ruin_ashenzari, uniq_jessica, uniq_iyjb
D:4:      black_bear_nest_2, kennysheep_generic_room_10

Skill      XL: |  1  2  3  4  5 |
---------------+----------------+-----
Fighting       | 4 |  4.6
Maces & Flails | 3 |  3.6
Armour         | 4 |  4.7
Dodging        | 1 2 |  2.0
Shields        | 4 |  4.3
Invocations    | 1 |  1.4

Action                   |  1- 3 |  4- 6 || total
-------------------------+-------+-------++-------
Melee: Flail             |    76 |    58 ||   134
       Headbutt          |    14 |    10 ||    24
  Eat: Chunk             |       |     2 ||     2
Armor: Scale mail        |    34 |    48 ||    82
Dodge: Dodged            |    22 |    26 ||    48
Block: Shield            |    37 |    38 ||    75
